 Dungeon Crawl Stone Soup version 0.29.1-15-g9cfb28693d (webtiles) character file.

Game seed: 12731490871747286329

9507 croobank the Thaumaturge (level 11, -2/124 HPs)
             Began as a Gnoll Fire Elementalist on Apr 25, 2023.
             Was a Priest of Ru.
             Killed from afar by a rime drake (10 damage)
             ... with a flash freeze
             ... on level 11 of the Dungeon.
             The game lasted 00:39:01 (14832 turns).

croobank the Thaumaturge (Gnoll Fire Elementalist) Turns: 14832, Time: 00:39:01

Health: -2/124     AC: 25    Str:  8    XL:     11   Next: 47%
Magic:  19/23      EV:  2    Int: 23    God:    Ru [***...]
Gold:   148        SH:  0    Dex: 12    Spells: 13/26 levels left

rFire   + . .      SeeInvis .   S - +11 dagger "Rofinak" {speed, +Blink rElec rF+}
rCold   + . .      Faith    .   (no shield)
rNeg    . . .      Spirit   .   (body armour currently unavailable)
rPois   +          Reflect  .   (helmet currently unavailable)
rElec   +          Harm     .   (cloak currently unavailable)
rCorr   .          Rampage  .   (gloves currently unavailable)
Will    .....      NoTele   +   (boots currently unavailable)
Stlth   ++++......              V - amulet of magic regeneration
HPRegen 0.00/turn               L - ring of protection from cold
MPRegen 0.58/turn               J - +6 ring of intelligence

@: tree-form, inhibited regen, hasted and slowed, invisible, unable to read
A: stationary, stasis, torment immunity, boosted hp, (fangs 1), dopey 1,
inhibited regeneration, inability to read after injury 2, disrupted magic 1,
strong nose, distributed training
a: Renounce Religion, Evoke Blink, Draw Out Power


You were on level 11 of the Dungeon.
You worshipped Ru.
Ru was most pleased with you.
You were a tree.
You visited 1 branch of the dungeon, and saw 11 of its levels.

You collected 664 gold pieces.
You spent 516 gold pieces at shops.

Inventory:

Hand Weapons
 a - a +2 dagger of venom
 Q - a +4 vorpal scimitar
 S - the +11 dagger "Rofinak" (weapon) {speed, +Blink rElec rF+}
   (You found it on level 7 of the Dungeon)

   Attacks with this weapon are significantly faster.
   rF:        It protects you from fire.
   rElec:     It insulates you from electricity.
   +Blink:    It lets you blink.
Missiles
 B - 19 boomerangs
 K - 3 throwing nets
 R - 5 curare-tipped darts
Armour
 g - a +0 helmet of see invisible (melded)
 l - a +2 cloak of willpower (melded)
 s - a +0 pair of boots (melded)
 E - the +2 robe of Foolhardiness (melded) {Archmagi}
   (You found it on level 4 of the Dungeon)

   Archmagi:  It increases the power of your magical spells.
 F - the +1 leather armour of the Rambutan {Dex+3}
   (You found it on level 9 of the Dungeon)

   Dex:       It affects your dexterity (+3).
 G - a +2 robe of cold resistance
Jewellery
 b - a +4 ring of protection
 h - a +6 ring of dexterity
 j - a +6 ring of strength
 x - a ring of resist corrosion
 J - a +6 ring of intelligence (right branch)
 L - a ring of protection from cold (left branch)
 T - a ring of ice
 V - an amulet of magic regeneration (around neck)
 X - a ring of poison resistance
Wands
 e - a wand of roots (7)
 k - a wand of mindburst (19)
 p - a wand of digging (9)
 w - a wand of charming (3)
 z - a wand of flame (26)
Scrolls
 f - 2 scrolls of poison
 m - 2 scrolls of identify
 q - 6 scrolls of butterflies
 t - 4 scrolls of fear
 u - 3 scrolls of magic mapping
 v - a scroll of amnesia
 y - 5 scrolls of teleportation
 A - 3 scrolls of immolation
 D - 2 scrolls of blinking
 M - a scroll of enchant armour
 N - 2 scrolls of torment {unknown}
 Y - a scroll of vulnerability {unknown}
Potions
 c - a potion of attraction
 d - 2 potions of invisibility
 i - 3 potions of lignification
 n - 2 potions of flight
 o - a potion of haste
 r - 3 potions of mutation
 C - 2 potions of cancellation
 I - a potion of resistance
 O - 2 potions of brilliance
 P - a potion of berserk rage
 U - 3 potions of curing
 W - 2 potions of magic


   Skills:
 + Level 6.5 Fighting
 + Level 6.5 Short Blades
 + Level 6.5 Long Blades
 + Level 6.5 Axes
 + Level 6.5 Maces & Flails
 + Level 6.5 Polearms
 + Level 6.5 Staves
 + Level 6.5 Ranged Weapons
 + Level 6.5 Throwing
 + Level 6.5 Armour
 + Level 8.1 Dodging
 + Level 7.9 Stealth
 + Level 6.5 Shields
 + Level 6.5 Unarmed Combat
 + Level 8.3 Spellcasting
 + Level 5.9 Conjurations
 + Level 5.4 Hexes
 + Level 5.4 Summonings
 + Level 5.4 Necromancy
 + Level 5.4 Translocations
 + Level 5.4 Transmutations
 + Level 7.8 Fire Magic
 + Level 5.4 Ice Magic
 + Level 5.4 Air Magic
 + Level 5.4 Earth Magic
 + Level 5.4 Poison Magic
 + Level 7.2 Invocations
 + Level 6.5 Evocations


You had 13 spell levels left.
You knew the following spells:

 Your Spells              Type           Power      Damage    Failure   Level
a - Foxfire               Conj/Fire      100%       2x1d9     1%          1
b - Scorch                Fire           90%        2d10      1%          2
c - Inner Flame           Hex/Fire       40%        N/A       2%          3
d - Beastly Appendage     Tmut           68%        N/A       1%          1
e - Wereblood             Tmut           34%        N/A       2%          2
f - Flame Wave            Conj/Fire      41%        2d11      7%          4

Your spell library contained the following spells:

 Spells                   Type           Power      Damage    Failure   Level
 Necrotise                Necr           100%       1d9       1%          1
 Conjure Flame            Conj/Fire      41%        6-21      2%          3
 Gell's Gravitas          Tloc           34%        N/A       4%          3
 Spider Form              Tmut/Pois      34%        N/A       4%          3
 Teleport Other           Tloc           34%        N/A       4%          3
 Vampiric Draining        Necr           34%        2d8       4%          3
 Agony                    Necr           34%        N/A       28%         5
 Dispersal                Tloc           17%        N/A       80%         6
 Summon Cactus Giant      Summ           17%        N/A       80%         6


Dungeon Overview and Level Annotations

Branches:
Dungeon (11/15)            Temple (0/1) D:4            Lair (0/5) D:11
    Orc: D:9-12

Altars:
Ashenzari
Cheibriados
Dithmenos
Fedhas
Qazlal
Ru
Sif Muna
Uskayaw
Wu Jian
Zin

Shops:
D:1 [[

Annotations:
D:7 1 runed translucent door, Crazy Yiuf


Innate Abilities, Weirdness & Mutations

You are a tree.
Your roots penetrate the ground, keeping you stationary.
You cannot be teleported.
You are immune to unholy pain and torment.
Your maximum health is greatly increased.
Your equipment is partially melded.
((You have very sharp teeth.))
You are dopey. (Int -2)
You do not regenerate when monsters are visible.
You sometimes lose the ability to read scrolls when taking damage.
Your casting is slightly disrupted.
Your uncanny sense of smell can sniff out nearby items.
Your experience applies equally to all skills.


Message History

The rime drake barely misses your butterfly.
The death yak simulacrum gores your butterfly.
Your butterfly dies!
Your butterfly disappears in a burst of colours!
The troll simulacrum misses you. The troll simulacrum claws you!
* * * LOW HITPOINT WARNING * * *
The troll simulacrum freezes you. You resist.
* * * LOW HITPOINT WARNING * * *
You focus your inner power and illuminate the troll simulacrum in retribution!
The troll simulacrum claws you but does no damage.
The freezing wraith barely misses you. x2
Okay, then.
Really quaff the potion of lignification?
You turn into a tree.
Your +2 cloak of willpower melds into your body.
Your +0 helmet of see invisible melds into your body.
Your +0 pair of boots melds into your body.
The +2 robe of Foolhardiness {Archmagi} melds into your body.
You feel less strong-willed.
You feel less perceptive.
Your roots penetrate the ground.
The rime drake barely misses your butterfly.
The troll simulacrum bites you but does no damage.
The troll simulacrum claws you but does no damage.
The troll simulacrum claws you.
* * * LOW HITPOINT WARNING * * *
The troll simulacrum freezes you! You resist.
* * * LOW HITPOINT WARNING * * *
The freezing wraith hits you but does no damage.
The freezing wraith hits you.
* * * LOW HITPOINT WARNING * * *
The freezing wraith drains your vigour!
You feel as though you will be slow longer.
Really quaff the potion of lignification?
Okay, then.
Okay, then.
Okay, then.
You fade into invisibility!
The rime drake breathes ice at you. The flash freeze hits you!
You partially resist.
You die...

...######.>.....####
...................[
............b.......
...........b........
.##..##..###......##
#+###h.###......#
#.....ZZ.b......#
#....kZW........#
#....b.♣........#
#...............+
##'######.#####+#
###....####+#........
#...........#........
+...........#........
#...........#........
##########'##.......
#.........#


You could see a polar bear (unable to see you), a freezing wraith (combustible,
ally target), a rime drake (unable to see you, catching breath), a death yak
simulacrum (unable to see you) and 2 troll simulacra.

Vanquished Creatures
  2 boulder beetles (D:11)
  A two-headed ogre (D:10)
  Pikel (D:6)
  An unseen horror (D:9)
  Psyche (D:9)
  3 trolls
  3 slime creatures (D:10)
  Eustachio (D:5)
  7 yaks
  Grum (D:8)
  A steam dragon (D:9)
  A vampire mosquito (D:11)
  Menkaure (D:7)
  3 acid dragons (D:10)
  2 water moccasins
  Duvessa (D:5)
  An orc warrior (D:10)
  2 sky beasts (D:7)
  3 ogres
  5 centaurs
  2 lemures
  4 wolves (D:8)
  A phantom (D:7)
  2 kobold brigands
  6 bullfrogs
  A gnoll sergeant (D:8)
  2 scorpions
  A cane toad simulacrum (D:11)
  2 necrophages
  3 wights (D:7)
  Dowan (D:5)
  2 howler monkeys (D:7)
  2 hounds
  4 orc priests
  A gnoll bouda (D:7)
  4 iguanas
  12 orc wizards
  Ijyb (D:5)
  12 gnolls
  7 adders
  A shadow imp (D:8)
  2 ufetubi
  3 worms
  A dart slug (D:1)
  45 orcs
  5 ball pythons
  3 bats (D:1)
  3 endoplasms
  4 giant cockroaches
  9 goblins
  7 hobgoblins
  3 jackals (D:2)
  A quokka (D:3)
  4 frilled lizards
  8 kobolds
  5 rats
215 creatures vanquished.

Vanquished Creatures (collateral kills)
  A vampire mosquito (D:11)
  2 foxfires (D:8)
3 creatures vanquished.

Vanquished Creatures (others)
  A worm (D:3)
  2 kobolds (D:9)
  643 foxfires
646 creatures vanquished.

Grand Total: 864 creatures vanquished

Notes
Turn   | Place    | Note
-------+----------+-------------------------------------------
     0 | D:1      | croobank the Gnoll Fire Elementalist began the quest for
                  | the Orb.
     0 | D:1      | Reached XP level 1. HP: 13/13 MP: 6/6
    57 | D:1      | Found Kejyjisu's Magic Scroll Shop.
    80 | D:1      | Found Qeovuom's Armour Boutique.
   210 | D:1      | Reached XP level 2. HP: 15/19 MP: 4/7
   214 | D:1      | Learned a level 2 spell: Scorch
  1024 | D:1      | Found Bueqer's Antique Armour Shoppe.
  1083 | D:1      | Found a faded altar of an unknown god.
  1085 | D:1      | Noticed a great orb of eyes
  1085 | D:1      | Noticed a golden eye
  1086 | D:1      | Noticed an eye of devastation
  1086 | D:1      | Noticed a golden eye
  1123 | D:1      | Prayed at the altar of an unknown god.
  1123 | D:1      | Became a worshipper of Ru the Awakened
  1133 | D:1      | Gained mutation: Your casting is slightly disrupted. [Ru
                  | sacrifice]
  1133 | D:1      | Reached * piety under Ru
  1686 | D:1      | Bought a scroll of identify for 24 gold pieces
  1738 | D:2      | Reached skill level 5 in Spellcasting
  1738 | D:2      | Reached XP level 3. HP: 25/25 MP: 5/9
  1744 | D:2      | Learned a level 3 spell: Inner Flame
  1891 | D:2      | Reached skill level 1 in Invocations
  2004 | D:2      | Reached skill level 1 in Fighting
  2004 | D:2      | Reached skill level 1 in Short Blades
  2004 | D:2      | Reached skill level 1 in Long Blades
  2004 | D:2      | Reached skill level 1 in Axes
  2004 | D:2      | Reached skill level 1 in Maces & Flails
  2004 | D:2      | Reached skill level 1 in Polearms
  2004 | D:2      | Reached skill level 1 in Staves
  2004 | D:2      | Reached skill level 1 in Ranged Weapons
  2004 | D:2      | Reached skill level 1 in Throwing
  2004 | D:2      | Reached skill level 1 in Armour
  2004 | D:2      | Reached skill level 1 in Shields
  2004 | D:2      | Reached skill level 1 in Unarmed Combat
  2004 | D:2      | Reached skill level 1 in Evocations
  2204 | D:2      | Reached XP level 4. HP: 32/32 MP: 6/11
  2331 | D:1      | Bought a scroll of identify for 24 gold pieces
  2331 | D:1      | Bought a scroll of identify for 24 gold pieces
  2525 | D:2      | Reached skill level 1 in Hexes
  2525 | D:2      | Reached skill level 1 in Summonings
  2525 | D:2      | Reached skill level 1 in Necromancy
  2525 | D:2      | Reached skill level 1 in Translocations
  2525 | D:2      | Reached skill level 1 in Transmutations
  2525 | D:2      | Reached skill level 1 in Ice Magic
  2525 | D:2      | Reached skill level 1 in Air Magic
  2525 | D:2      | Reached skill level 1 in Earth Magic
  2525 | D:2      | Reached skill level 1 in Poison Magic
  3234 | D:3      | Reached XP level 5. HP: 37/37 MP: 5/12
  4429 | D:1      | Bought a scroll of fear for 48 gold pieces
  4515 | D:4      | Found a staircase to the Ecumenical Temple.
  4567 | D:4      | Reached skill level 5 in Dodging
  4567 | D:4      | Reached XP level 6. HP: 44/44 MP: 5/14
  4640 | D:4      | Found an ornate altar of the Wu Jian Council.
  4856 | D:4      | Noticed a +0 falchion
  4856 | D:4      | Noticed a +0 falchion
  4856 | D:4      | Noticed a +0 spear
  4857 | D:4      | Noticed a +0 dagger
  4857 | D:4      | Noticed a +0 short sword
  4857 | D:4      | Noticed a +0 dagger
  4857 | D:4      | Noticed a +0 spear
  4858 | D:4      | Noticed a +0 short sword
  4862 | D:4      | Found a hide-covered altar of Uskayaw.
  4980 | D:4      | Identified the +2 robe of Foolhardiness {Archmagi}
  5095 | D:5      | Entered Level 5 of the Dungeon
  5095 | D:5      | Found a broken altar of Ashenzari.
  5185 | D:1      | Bought a scroll of identify for 24 gold pieces
  5185 | D:1      | Bought a scroll of identify for 24 gold pieces
  5185 | D:1      | Bought a scroll of butterflies for 48 gold pieces
  5258 | D:5      | Noticed Ijyb
  5263 | D:5      | Killed Ijyb
  5333 | D:5      | Reached XP level 7. HP: 51/51 MP: 9/15
  5389 | D:5      | Found a blossoming altar of Fedhas.
  5417 | D:5      | Gained mutation: You occasionally lose the ability to read
                  | scrolls when taking damage. [Ru sacrifice]
  5417 | D:5      | Gained mutation: You sometimes lose the ability to read
                  | scrolls when taking damage. [Ru sacrifice]
  5417 | D:5      | Reached ** piety under Ru
  5436 | D:5      | Noticed Eustachio
  5460 | D:5      | Killed Eustachio
  5461 | D:5      | Reached skill level 5 in Stealth
  6242 | D:5      | Noticed Dowan
  6243 | D:5      | Noticed Duvessa
  6250 | D:5      | Killed Duvessa
  6256 | D:5      | Killed Dowan
  6458 | D:6      | Reached XP level 8. HP: 58/58 MP: 11/16
  6584 | D:6      | Noticed Pikel
  6599 | D:6      | Killed Pikel
  6913 | D:1      | Bought a scroll of immolation for 48 gold pieces
  7146 | D:6      | Reached XP level 9. HP: 65/65 MP: 11/18
  8201 | D:7      | Identified the +11 dagger "Rofinak" {speed, +Blink rElec
                  | rF+}
  8433 | D:7      | Noticed Menkaure
  8441 | D:7      | Killed Menkaure
  8442 | D:7      | Reached skill level 5 in Invocations
  8594 | D:7      | Noticed a troll
  8599 | D:7      | Killed a troll
  9022 | D:7      | Reached skill level 5 in Fighting
  9022 | D:7      | Reached skill level 5 in Short Blades
  9022 | D:7      | Reached skill level 5 in Long Blades
  9022 | D:7      | Reached skill level 5 in Axes
  9022 | D:7      | Reached skill level 5 in Maces & Flails
  9022 | D:7      | Reached skill level 5 in Polearms
  9022 | D:7      | Reached skill level 5 in Staves
  9022 | D:7      | Reached skill level 5 in Ranged Weapons
  9022 | D:7      | Reached skill level 5 in Throwing
  9022 | D:7      | Reached skill level 5 in Armour
  9022 | D:7      | Reached skill level 5 in Shields
  9022 | D:7      | Reached skill level 5 in Unarmed Combat
  9022 | D:7      | Reached skill level 5 in Evocations
  9028 | D:7      | Reached XP level 10. HP: 64/74 MP: 17/20
  9444 | D:7      | Gained mutation: You are dopey. (Int -2) [Ru sacrifice]
  9444 | D:7      | Reached *** piety under Ru
  9736 | D:7      | Found a runed translucent door.
  9737 | D:7      | Noticed Crazy Yiuf
 10000 | D:1      | Bought a scroll of teleportation for 36 gold pieces
 10000 | D:1      | Bought a scroll of blinking for 90 gold pieces
 10181 | D:8      | Found a snail-covered altar of Cheibriados.
 10492 | D:8      | Found a glowing silver altar of Zin.
 10530 | D:8      | Found a stormy altar of Qazlal.
 10765 | D:8      | Noticed Grum
 10785 | D:8      | Killed Grum
 10788 | D:8      | Reached skill level 5 in Conjurations
 11547 | D:8      | Found a shadowy altar of Dithmenos.
 11574 | D:8      | Learned a level 1 spell: Beastly Appendage
 11577 | D:8      | Learned a level 2 spell: Wereblood
 11897 | D:9      | Killed an unseen horror
 12058 | D:9      | Identified the +1 leather armour of the Rambutan {Dex+3}
 12169 | D:9      | Noticed Psyche
 12311 | D:9      | Killed Psyche
 12522 | D:1      | Bought a +0 helmet of see invisible for 126 gold pieces
 12771 | D:9      | Reached skill level 5 in Hexes
 12771 | D:9      | Reached skill level 5 in Summonings
 12771 | D:9      | Reached skill level 5 in Necromancy
 12771 | D:9      | Reached skill level 5 in Translocations
 12771 | D:9      | Reached skill level 5 in Transmutations
 12771 | D:9      | Reached skill level 5 in Ice Magic
 12771 | D:9      | Reached skill level 5 in Air Magic
 12771 | D:9      | Reached skill level 5 in Earth Magic
 12771 | D:9      | Reached skill level 5 in Poison Magic
 12794 | D:9      | Gained mutation: You do not regenerate when monsters are
                  | visible. [Ru sacrifice]
 12902 | D:10     | Entered Level 10 of the Dungeon
 12919 | D:10     | Reached XP level 11. HP: 81/81 MP: 19/22
 12948 | D:10     | Noticed a two-headed ogre
 12955 | D:10     | Killed a two-headed ogre
 13376 | D:10     | Found a shimmering blue altar of Sif Muna.
 14132 | D:11     | Noticed a boulder beetle
 14139 | D:11     | Learned a level 4 spell: Flame Wave
 14186 | D:11     | Killed a boulder beetle
 14526 | D:11     | Found a staircase to the Lair.
 14546 | D:11     | Noticed a boulder beetle
 14560 | D:11     | Killed a boulder beetle
 14829 | D:11     | HP: 3/83 [freezing wraith (10)]
 14829 | D:11     | HP: 1/83 [freezing wraith (2)]
 14832 | D:11     | Killed from afar by a rime drake

Illustrated notes

Levels and vault maps discovered:
D:1:      sevenhm_arrival_forest_fort_large_2, layout_basic, serial_shops,
          nicolae_diamond_shop, nicolae_lakefront_shop, shop, serial_rivers,
          chequers_serial_rivers_micro_a, chequers_serial_rivers_marsh,
          chequers_serial_rivers_room_a, chequers_serial_rivers_micro_b,
          hellmonk_ecumenical_altar_watching_god
D:2:      layout_basic, chequers_serial_rivers_marsh
D:3:      layout_rooms
D:4:      layout_rooms, nicolae_uskayaw_en_pointe, mainiacjoe_overflow_alcove_1,
          minmay_temple_entry_arrows
D:5:      layout_basic, overflow_temple_1_default, fedhas_altar_2, uniq_duvessa,
          uniq_eustachio, uniq_ijyb
D:6:      layout_rooms, serial_park_tiny_pond, uniq_pikel
D:7:      minmay_the_grid_octo_tiled_squarecenter
          [minmay_the_grid_octo_fan_narrow, minmay_the_grid_octo_checkered,
          minmay_the_grid_octo_77, minmay_the_grid_octo_thin_diamonds,
          minmay_the_grid_square_5x5_megaprize_hollow,
          minmay_the_grid_square_5x5_checkered,
          minmay_the_grid_square_5x5_six_small, minmay_the_grid_square_5x5_comb,
          minmay_the_grid_square_5x5_two_walls_b], layout_basic,
          uniq_crazy_yiuf_cottage, uniq_menkaure
D:8:      layout_gridville, cheibrodos_worm_habitat,
          mainiacjoe_overflow_catch_the_wave, grunt_dithmenos_smoke,
          skrybe_limestone_x, uniq_grum
D:9:      layout_cross, uniq_psyche
D:10:     layout_irregular_city, tgw_sif, grunt_decor_resistance
D:11:     dreamdust_isle_of_ice, layout_gridville, lair_entry_dummy,
          kennysheep_generic_room_14

Skill      XL: |  1  2  3  4  5  6  7  8  9 10 11 |
---------------+----------------------------------+-----
Conjurations   | 2 3 4 5 |  5.9
Spellcasting   | 5 6 7 8 |  8.3
Invocations    | 1 2 3 4 5 6 7 |  7.2
Fighting       | 1 2 3 5 6 |  6.5
Short Blades   | 1 2 3 5 6 |  6.5
Long Blades    | 1 2 3 5 6 |  6.5
Axes           | 1 2 3 5 6 |  6.5
Maces & Flails | 1 2 3 5 6 |  6.5
Polearms       | 1 2 3 5 6 |  6.5
Staves         | 1 2 3 5 6 |  6.5
Ranged Weapons | 1 2 3 5 6 |  6.5
Throwing       | 1 2 3 5 6 |  6.5
Armour         | 1 2 3 5 6 |  6.5
Shields        | 1 2 3 5 6 |  6.5
Unarmed Combat | 1 2 3 5 6 |  6.5
Evocations     | 1 2 3 5 6 |  6.5
Hexes          | 1 2 3 4 5 |  5.4
Summonings     | 1 2 3 4 5 |  5.4
Necromancy     | 1 2 3 4 5 |  5.4
Translocations | 1 2 3 4 5 |  5.4
Transmutations | 1 2 3 4 5 |  5.4
Ice Magic      | 1 2 3 4 5 |  5.4
Air Magic      | 1 2 3 4 5 |  5.4
Earth Magic    | 1 2 3 4 5 |  5.4
Poison Magic   | 1 2 3 4 5 |  5.4
Dodging        | 5 6 7 8 |  8.1
Stealth        | 5 6 7 |  7.9
Fire Magic     | 6 7 |  7.8

Action                   |  1- 3 |  4- 6 |  7- 9 | 10-12 || total
-------------------------+-------+-------+-------+-------++-------
Melee: Dagger            |    11 |    32 |    96 |    34 ||   173
       Bite              |     2 |     5 |    15 |     3 ||    25
       Punch             |       |       |     7 |     2 ||     9
       Kick              |       |       |       |     5 ||     5
       Headbutt          |       |       |       |     2 ||     2
 Fire: Sling             |       |       |     7 |       ||     7
 Cast: Foxfire           |    41 |    72 |    73 |   182 ||   368
       Scorch            |    13 |    34 |    56 |    95 ||   198
       Inner Flame       |     1 |       |       |       ||     1
       Beastly Appendage |       |       |       |     2 ||     2
       Wereblood         |       |       |       |     2 ||     2
Invok: Sacrifice Essence |     1 |       |       |       ||     1
       Sacrifice Words   |       |       |     1 |       ||     1
       Sacrifice Purity  |       |       |       |     2 ||     2
Evoke: Wand              |       |       |       |     5 ||     5
  Use: Scroll            |     4 |     5 |    11 |     7 ||    27
       Potion            |       |       |       |     6 ||     6
 Stab: Sleeping          |     2 |       |     2 |     1 ||     5
       Invisible         |       |       |     1 |       ||     1
Armor: Robe              |     4 |    12 |    35 |    34 ||    85
       Skin              |       |       |       |     3 ||     3
Dodge: Dodged            |     8 |    16 |    68 |   102 ||   194
